Map: Blackpink LE

Players

Fudge - Winner!

  • Race: Zerg Zerg
  • League: Diamond
  • Spawn Location: 1:00

Dessa

  • Race: Zerg Zerg
  • League: Diamond
  • Spawn Location: 7:00

VOD

Have the link to the VOD?

Description

Time

  • Played on: Jan. 4, 2018, 1:52 p.m.
  • Length: 5:11
Show
View Real Time Build Order
Export as new Build Order

Fudge Zerg - Winner!

Build Orders: Hatch First 

Get SALT Encoding   

  12  0:02  Drone  
  13  0:12  Overlord  
  13  0:19  Drone  
  14  0:31  Drone  
  14  0:32  Drone  
  14  0:35  Drone  
  17  0:53  Hatchery  
  17  0:56  Drone  
  17  1:01  Extractor  
  17  1:02  Drone  
  17  1:08  Drone  
  18  1:19  Spawning Pool  
  18  1:21  Drone  
  18  1:29  Drone  
  19  1:41  Overlord  
  19  1:51  Drone  
  20  2:04  Drone  
  21  2:10  Roach Warren, Queen  
  21  2:12  Metabolic Boost  
  21  2:14  Drone  
  21  2:15  Drone  
  24  2:20  Drone  
  25  2:28  Queen  
  27  2:34  Overlord  
  27  2:41  Drone  
  28  2:53  Roach x4  
  35  3:25  Roach  
  35  3:26  Roach x3, Zergling x2  
  44  3:32  Overlord x2  
  44  3:40  Overlord  
  44  3:53  Roach  
  44  3:54  Roach  
  50  3:55  Zergling x4  
  50  3:56  Zergling x6  
  50  4:22  Roach x3  
  56  4:32  Zergling x12  
  56  4:33  Zergling x6  
Show
View Real Time Build Order
Export as new Build Order

Dessa Zerg 

Build Orders: Pool First, Zergling Baneling 

Get SALT Encoding   

  12  0:01  Drone  
  13  0:17  Overlord  
  13  0:23  Drone  
  14  0:35  Drone x2  
  16  0:40  Drone  
  17  0:43  Extractor  
  17  0:50  Drone  
  17  0:57  Spawning Pool  
  17  1:00  Drone  
  17  1:23  Hatchery  
  16  1:27  Drone  
  16  1:31  Drone  
  18  1:35  Drone  
  19  1:44  Metabolic Boost  
  19  1:53  Zergling x2  
  20  1:56  Queen  
  22  2:03  Overlord  
  22  2:11  Baneling Nest  
  22  2:13  Drone  
  22  2:35  Zergling x2  
  22  2:36  Zergling x2  
  24  2:37  Queen  
  26  2:46  Zergling x2  
  26  2:47  Zergling x4  
  29  3:15  Zergling x12  
  29  3:16  Overlord  
  34  3:25  Drone  
  34  3:26  Drone  
  36  3:32  Overlord  
  36  3:39  Baneling x4  
  36  3:40  Baneling x2  
  36  3:47  Drone x3  
  39  3:57  Drone  
  37  4:09  Drone  
  33  4:15  Zergling x10  
  33  4:16  Drone  
  36  4:27  Zergling x4, Roach Warren  
  37  4:36  Baneling  
  37  4:37  Baneling x4  
  37  4:38  Zergling x4  
  42  4:58  Drone x4  
Tags
 
Matchup
ZvZ
Race
Zerg
Replay Pack
2017S4
Spawn Locations
Cross Positions
Add a new tag
Caveats
  • Supply blocks, unpowered buildings, or Contaminate may cause inaccurate times.
  • Supply counts are checked every 10 seconds.